 Dungeon Crawl Stone Soup version 0.27.0-1-g7a089689b8 (webtiles) character file.

Game seed: 10313354106594974376

7 rogsnak the Magician (level 2, -3/15 HPs)
             Began as a Kobold Hedge Wizard on Aug 13, 2021.
             Slain by a goblin (4 damage)
             ... on level 1 of the Dungeon.
             The game lasted 00:02:10 (533 turns).

rogsnak the Magician (Kobold Hedge Wizard)           Turns: 533, Time: 00:02:11

Health: -3/15      AC:  2    Str:  7    XL:     2   Next: 10%
Magic:  6/6        EV: 15    Int: 15    God:
Gold:   33         SH:  0    Dex: 14    Spells: 5/8 levels left

rFire    . . .     SeeInvis .   a - +0 dagger
rCold    . . .     Faith    .   (shield restricted)
rNeg     . . .     Spirit   .   b - +0 robe
rPois    .         Reflect  .   c - +0 hat
rElec    .         Harm     .   (no cloak)
rCorr    .         Rampage  .   (no gloves)
Will     .....                  (no boots)
Stlth    +++.......             (no amulet)
HPRegen  0.05/turn              (no ring)
MPRegen  0.10/turn              (no ring)

@: no status effects
A: small, no large weapons, nightstalker 3
a: no special abilities


You were on level 1 of the Dungeon.
You visited 1 branch of the dungeon, and saw 1 of its levels.

You collected 33 gold pieces.

Inventory:

Hand Weapons
 a - a +0 dagger (weapon)
Armour
 b - a +0 robe (worn)
 c - a +0 hat (worn)
Scrolls
 d - a scroll of vulnerability {unknown}
 e - a scroll of teleportation {unknown}
Potions
 f - a potion of might {unknown}
 g - a potion of invisibility {unknown}


   Skills:
 + Level 2.6 Dodging
 + Level 3.1 Stealth
 + Level 3.5 Spellcasting
 + Level 1.0 Conjurations
 + Level 1.0 Summonings
 + Level 1.0 Translocations


You had 5 spell levels left.
You knew the following spells:

 Your Spells              Type           Power      Damage    Failure   Level
a - Magic Dart            Conj           20%        1d4       13%         1
b - Blink                 Tloc           N/A        N/A       19%         2

Your spell library contained the following spells:

 Spells                   Type           Power      Damage    Failure   Level
 Shock                    Conj/Air       16%        1d4       16%         1
 Call Imp                 Summ           5%         N/A       19%         2
 Slow                     Hex            2%         N/A       28%         2
 Conjure Flame            Conj/Fire      4%         6-21      43%         3
 Mephitic Cloud           Conj/Pois/Air  3%         N/A       45%         3
 Swiftness                Air            2%         N/A       50%         3
 Airstrike                Air            1%         N/A       88%         4


Dungeon Overview and Level Annotations

Branches:
Dungeon (1/15)

Altars:


Innate Abilities, Weirdness & Mutations

You are small and have problems with some larger weapons.
You are completely attuned to the shadows.


Message History

The goblin hits you with a +0 club. The goblin barely misses you.
The goblin closely misses you. The goblin misses you.
The goblin hits you but does no damage. The goblin closely misses you.
The goblin closely misses you. The goblin barely misses you.
The goblin misses you. The goblin hits you but does no damage.
The goblin hits you with a +0 club. The goblin hits you but does no damage.
The goblin hits you with a +0 club. The goblin barely misses you.
The goblin barely misses you. The goblin closely misses you.
The goblin barely misses you. The goblin closely misses you.
The goblin barely misses you. The goblin completely misses you.
The goblin barely misses you. The goblin barely misses you.
The goblin hits you with a +0 club. The goblin barely misses you.
The goblin hits you with a +0 club. The goblin closely misses you.
The goblin closely misses you. The goblin barely misses you.
The goblin misses you. The goblin hits you with a +0 club.
The goblin misses you. The goblin barely misses you.
The goblin hits you with a +0 club.
* * * LOW HITPOINT WARNING * * *
The goblin hits you but does no damage. The goblin hits you but does no damage.
The goblin hits you with a +0 club.
* * * LOW HITPOINT WARNING * * *
The goblin hits you with a +0 club.
You die...

... ....###.. ... ..
...##...# #.# ... ....#.#.#
###.##########.#. .........
###................ .........
#...#.########†>.# ......###
........# ###...... .........
........###.g...... #........
.#......#...@.#.#.# #........
...........#....#.###........
#............###..........†..
#........##..# #.#........
#........##.## ..##..........
##......... .........######
########..... .......### ...
............. .....#.# ....
....>#.#..##. ....#..# ....


You could see a goblin.

Vanquished Creatures
  3 ball pythons (D:1)
  An endoplasm (D:1)
  2 hobgoblins (D:1)
  A bat (D:1)
7 creatures vanquished.

Notes
Turn   | Place    | Note
-------+----------+-------------------------------------------
     0 | D:1      | rogsnak the Kobold Hedge Wizard began the quest for the
                  | Orb.
     0 | D:1      | Reached XP level 1. HP: 10/10 MP: 4/4
   259 | D:1      | Reached XP level 2. HP: 11/15 MP: 0/6
   262 | D:1      | Learned a level 2 spell: Blink
   533 | D:1      | Slain by a goblin

Illustrated notes

Levels and vault maps discovered:
D:1:      dpeg_arrival_shelter, layout_rooms

Skill      XL: |  1 |
---------------+----+-----
Stealth        | 3 |  3.1
Dodging        | |  2.6
Spellcasting   | |  3.5
Conjurations   | |  1.0
Summonings     | |  1.0
Translocations | |  1.0

Action                   || total
-------------------------++-------
Melee: Dagger            ||     7
 Cast: Magic Dart        ||    14
Armor: Robe              ||     5
Dodge: Dodged            ||    29
